 Dungeon Crawl Stone Soup version 0.30-a0-377-g5cb311bc9f (webtiles) character file.

Game seed: 4573764976426946043

37 zero the Digger (level 3, -5/19 HPs)
             Began as a Deep Elf Earth Elementalist on Nov 30, 2022.
             Slain by a gnoll
             ... wielding a +0 flail
              (10 damage)
             ... on level 3 of the Dungeon.
             The game lasted 00:01:57 (1480 turns).

zero the Digger (Deep Elf Earth Elementalist)       Turns: 1480, Time: 00:01:58

Health: -5/19      AC:  3    Str:  5    XL:     3   Next: 21%
Magic:  19/19      EV: 13    Int: 21    God:
Gold:   75         SH:  0    Dex: 15    Spells: 5/9 levels left

rFire   . . .      SeeInvis .    f - +1 dagger (holy)
rCold   . . .      Faith    .    (no shield)
rNeg    . . .      Spirit   .    a - +0 robe
rPois   .          Reflect  .    (no helmet)
rElec   .          Harm     .    (no cloak)
rCorr   .          Rampage  .    n - +0 pair of gloves
Will    .....                    (no boots)
Stlth   ++........               (no amulet)
HPRegen 0.23/turn                j - ring of magical power
MPRegen 0.16/turn                (no ring)

@: no status effects
A: no striking features
a: no special abilities


You were on level 3 of the Dungeon.
You visited 1 branch of the dungeon, and saw 3 of its levels.

You collected 75 gold pieces.

Inventory:

Hand Weapons
 f - a +1 dagger of holy wrath (weapon)
Armour
 a - a +0 robe (worn)
 n - a +0 pair of gloves (worn)
Jewellery
 j - a ring of magical power (left hand)
Scrolls
 c - 2 scrolls of teleportation {unknown}
 d - 3 scrolls of identify {unknown}
 h - a scroll of enchant armour {unknown}
 l - 3 scrolls of vulnerability {unknown}
 m - a scroll of fog {unknown}
Potions
 b - a potion of magic
 e - a potion of mutation {unknown}
 g - 2 potions of heal wounds {unknown}
 i - a potion of berserk rage {unknown}
 k - a potion of curing {unknown}


   Skills:
 * Level 0.0 Fighting
 + Level 3.1 Dodging
 + Level 3.1 Stealth
 + Level 3.6 Spellcasting
 * Level 0.0 Conjurations
 - Level 1.1 Transmutations
 + Level 3.7 Earth Magic


You had 5 spell levels left.
You knew the following spells:

 Your Spells              Type           Power      Damage    Failure   Level
a - Sandblast             Erth           38%        2d10      2%          1
b - Stone Arrow           Conj/Erth      22%        3d8       17%         3

Your spell library contained the following spells:

 Spells                   Type           Power      Damage    Failure   Level
 Passwall                 Tmut/Erth      10%        N/A       7%          2
 Petrify                  Tmut/Erth      13%        N/A       43%         4


Dungeon Overview and Level Annotations

Branches:
Dungeon (3/15)

Altars:

Annotations:
D:3 Natasha


Message History

You finish memorising.
Spell assigned to 'b'.
You see here a +0 ring mail.
You see here a +0 pair of gloves.
n - a +0 pair of gloves You start putting on your armour.
You continue putting on your +0 pair of gloves. x4
You finish putting on your +0 pair of gloves.
No target in view!
Magic restored.
Found a stone staircase leading down.
No target in view!
There is a stone staircase leading down here.
Natasha, Servant of Life and Death comes into view.
No target in view!
A gnoll comes into view. It is wielding a +0 spear.
A gnoll comes into view. It is wielding a +0 flail.
A gnoll comes into view. It is wielding a +0 halberd.
There are monsters nearby!
The blast of sand hits the gnoll!
The gnoll is almost dead.
The gnoll shouts!
The gnoll misses you.
You hit the gnoll but do no damage.
The gnoll is almost dead.
The gnoll hits you with a +0 flail.
The gnoll hits you from afar with a +0 spear.
The gnoll hits you from afar with a +0 spear.
The gnoll barely misses you. The gnoll attacks as you move away!
The gnoll hits you with a +0 flail. The gnoll attacks as you move away!
The gnoll hits you with a +0 flail.
* * * LOW HITPOINT WARNING * * *
The gnoll attacks as you move away! The gnoll closely misses you.
The gnoll attacks as you move away! The gnoll barely misses you.
Casting: Sandblast (safe; 2% risk of failure)
Confirm with . or Enter, or press ? or * to list all spells.
You don't know that spell.
The gnoll attacks as you move away! The gnoll closely misses you.
The gnoll attacks as you move away! The gnoll hits you with a +0 flail!
Ouch! That really hurt!
You die...

## # #.
#.###.#####
#.........#
#.........#
#.........#
#.......<.#
#.......[.#
#.......@.#
#....†..g.#
#.......g.#
#....g....#
#.........# .
##..#.##+##
..## ##....#.#
....# ###..#.#
.##..####..#.#


You could see 3 gnolls.

Vanquished Creatures
  2 adders
  A dart slug (D:1)
  An endoplasm (D:2)
  3 goblins (D:1)
  3 hobgoblins (D:1)
  2 quokkas (D:2)
  2 ball pythons
  A bat (D:1)
  2 rats
17 creatures vanquished.

Notes
Turn   | Place    | Note
-------+----------+-------------------------------------------
     0 | D:1      | zero the Deep Elf Earth Elementalist began the quest for
                  | the Orb.
     0 | D:1      | Reached XP level 1. HP: 10/10 MP: 6/6
   251 | D:1      | Reached XP level 2. HP: 15/15 MP: 6/8
  1405 | D:3      | Reached XP level 3. HP: 19/19 MP: 10/10
  1409 | D:3      | Learned a level 3 spell: Stone Arrow
  1452 | D:3      | Noticed Natasha
  1480 | D:3      | Slain by a gnoll

Illustrated notes

Levels and vault maps discovered:
D:1:      minmay_arrival_jagged, layout_loops_ring
D:2:      layout_loops_ring
D:3:      layout_basic, uniq_ijyb, uniq_natasha

Skill      XL: |  1  2 |
---------------+-------+-----
Dodging        | 3 |  3.1
Stealth        | 3 |  3.1
Spellcasting   | |  3.6
Transmutations | |  1.1
Earth Magic    | |  3.7

Action                   || total
-------------------------++-------
Melee: Dagger            ||     9
 Cast: Sandblast         ||    24
 Stab: Sleeping          ||     1
Armor: Robe              ||     4
Dodge: Dodged            ||    14

Table legend: (Time is in decaauts)
 A = Elapsed time spent in this place.
 B = Non-inter-level travel time spent in this place.
 C = Inter-level travel time spent in this place.
 D = Time resting spent in this place.
 E = Time spent auto-exploring this place.
 F = Levels seen in this place.
 G = Mean time per level.
                   A        B        C        D        E       F      G
               +--------+--------+--------+--------+--------+-----+--------+
         Total |   1490 |   1456 |     34 |     87 |   1216 |   3 |  496.7 |
       Dungeon |   1490 |   1456 |     34 |     87 |   1216 |   3 |  496.7 |
               +--------+--------+--------+--------+--------+-----+--------+

Top non-repeatable levels by time:
     D:2: 716 daAuts
     D:1: 693 daAuts
     D:3: 80 daAuts
